 Dungeon Crawl Stone Soup version 0.30-a0-567-gf7fd966b4a (webtiles) character file.

Game seed: 16003837882449276954

34779 tilp the Carver (level 14, -4/122 HPs)
             Began as a Meteoran Fighter on Dec 28, 2022.
             Was an Elder of Okawaru.
             Hit by a catoblepas thrown by Polyphemus (18 damage)
             ... on level 2 of the Shoals.
             The game lasted 00:39:28 (6068 turns).

tilp the Carver (Meteoran Fighter)                  Turns: 6068, Time: 00:39:30

Health: -4/122     AC: 21    Str: 26    XL:     14   Next: 49%
Magic:  23/23      EV: 22    Int:  9    God:    Okawaru [****..]
Gold:   437        SH: 13    Dex: 25    Spells: 13/13 levels left

rFire   + . .      SeeInvis .    b - +7 long sword of Thoughtfulness {vamp, *Rage Fly Str+4}
rCold   . . .      Faith    .    c - +0 buckler
rNeg    . . .      Spirit   .    o - +1 chain mail {rPois}
rPois   +          Reflect  +    s - +0 helmet
rElec   .          Harm     .    (no cloak)
rCorr   .          Rampage  .    M - +2 pair of gloves {Str+3}
Will    +....      Rage     20%  H - +0 pair of boots
Stlth   +                        G - amulet of reflection
HPRegen 0.40/turn                k - ring of protection from fire
MPRegen 0.18/turn                F - +6 ring of dexterity

@: heroic, on berserk cooldown, flying, slowed, glowing, very slow
A: sense surroundings 2, otherworldly, glowing, explore regen
a: Renounce Religion, Heroism, Finesse


You were on level 2 of the Shoals.
You worshipped Okawaru.
Okawaru was greatly pleased with you.
You visited 4 branches of the dungeon, and saw 20 of its levels.
You also visited: Gauntlet.

You collected 486 gold pieces.
You spent 49 gold pieces at shops.

Inventory:

Hand Weapons
 a - a +0 scimitar
 b - the +7 long sword of Thoughtfulness (weapon) {vamp, *Rage Fly Str+4}
   (You found it in a Gauntlet)

   It occasionally heals its wielder for a portion of the damage dealt when it
   wounds a living foe.
   Str:       It affects your strength (+4).
   Fly:       It grants you flight.
   *Rage:     It berserks you when you make melee attacks (+20% chance).
 h - a +2 short sword of flaming
 v - the +3 scimitar of Motof {vamp, Fragile Str+3 Dex+2 Stlth+}
   (You found it on level 5 of the Lair of Beasts)

   It occasionally heals its wielder for a portion of the damage dealt when it
   wounds a living foe.
   Str:       It affects your strength (+3).
   Dex:       It affects your dexterity (+2).
   Fragile:   It will be destroyed if unequipped.
   Stlth:     It makes you more stealthy.
 Q - the +4 longbow "Sitam" {freeze, Str+4}
   (You found it in a Gauntlet)

   Any ammunition fired from it freezes those it strikes, dealing additional
   cold damage.
   It can also slow down cold-blooded creatures.
   Str:       It affects your strength (+4).
Missiles
 l - 4 boomerangs
 t - 38 poisoned darts (quivered)
 y - a curare-tipped dart
 N - 7 javelins
Armour
 c - a +0 buckler (worn)
 g - a +2 chain mail of cold resistance
 o - a +1 chain mail of poison resistance (worn)
 s - a +0 helmet (worn)
 H - a +0 pair of boots (worn)
 M - a +2 pair of gloves of strength (worn)
 P - a +2 chain mail of fire resistance
Jewellery
 k - a ring of protection from fire (left hand)
 F - a +6 ring of dexterity (right hand)
 G - an amulet of reflection (around neck)
Wands
 u - a wand of roots (5)
 E - a wand of polymorph (8)
Scrolls
 d - 3 scrolls of fog
 e - 5 scrolls of fear
 n - 2 scrolls of immolation
 p - a scroll of poison
 r - 6 scrolls of teleportation
 J - a scroll of magic mapping
Potions
 f - a potion of cancellation
 i - 2 potions of magic
 j - 3 potions of flight
 m - 3 potions of curing
 q - a potion of attraction
 w - a potion of resistance
 C - a potion of degeneration {unknown}
 D - 2 potions of mutation {unknown}
 I - a potion of haste {unknown}
 K - 2 potions of ambrosia
 L - a potion of brilliance {unknown}
Miscellaneous
 x - a phial of floods
 z - a condenser vane (inert)
 A - a piece from Xom's chessboard (15/15)


   Skills:
 + Level 10.7(15.7) Fighting
 + Level 12.7(17.7) Long Blades
 - Level 6.0(11.0) Throwing
 + Level 9.2(14.2) Armour
 + Level 12.7(17.7) Dodging
 - Level 4.0(9.0) Stealth
 - Level 6.0(11.0) Shields
 + Level 11.0 Invocations
 + Level 9.1 Evocations


You had 13 spell levels left.
You didn't know any spells.
Your spell library contained the following spells:

 Spells                   Type           Power      Damage    Failure   Level
 Foxfire                  Conj/Fire      0%         2x1d4     88%         1
 Sting                    Tmut/Pois      0%         1d3       88%         1
 Poisonous Vapours        Pois/Air       0%         N/A       96%         2
 Sublimation of Blood     Necr           0%         N/A       96%         2
 Wereblood                Tmut           0%         N/A       96%         2
 Hailstorm                Conj/Ice       0%         3d3       99%         3
 Portal Projectile        Hex/Tloc       0%         N/A       99%         3
 Ice Form                 Ice/Tmut       0%         N/A       100%        4
 Olgreb's Toxic Radiance  Pois           0%         N/A       100%        4
 Blade Hands              Tmut           0%         N/A       100%        5
 Fireball                 Conj/Fire      0%         3d3       100%        5
 Starburst                Conj/Fire      0%         6d3       100%        6
 Tukima's Dance           Hex            Unusable   N/A       N/A         3
 Simulacrum               Ice/Necr       Unusable   N/A       N/A         6
 Summon Hydra             Summ           Unusable   N/A       N/A         7

Dungeon Overview and Level Annotations

Branches:
Dungeon (11/15) Zot: 2681  Temple (1/1) D:7 Zot: 393    Lair (5/5) D:10 Zot: 1493
 Shoals (2/4) Lair:3 Zot: 1469   Snake (0/4) Lair:3          Orc (0/2) D:9
Gauntlet (visited)
  Slime: Lair:4-5

Altars:
Ashenzari
Cheibriados
Dithmenos
Elyvilon
Fedhas
Gozag
Hepliaklqana
Kikubaaqudgha
Makhleb
Okawaru
Ru
Sif Muna
Trog
Uskayaw
Vehumet
Wu Jian
Xom
Zin
The Shining One

Shops:
D:6 [

Annotations:
D:9 1 runed translucent door
Lair:1 exclusion: oklob plant
Lair:5 exclusion: obsidian statue
Shoals:1 1 transporter, Xuirch's ghost, adept MiFi
Shoals:2 Polyphemus


Innate Abilities, Weirdness & Mutations

You passively map the area around you.
You are easily found by Zot.
You glow in the dark.
You regain HP and MP as you explore.


Message History

The catoblepas looks more healthy.
You block the death yak's attack. You block the catoblepas's attack.
The death yak is engulfed in calcifying dust.
The death yak stops moving altogether!
Unknown command.
You completely miss the catoblepas.
The catoblepas is moderately wounded.
The death yak gores you!
The catoblepas breathes a plume of calcifying dust at you.
The blast of calcifying dust hits you but does no damage.
The death yak is engulfed in calcifying dust.
Unknown command.
The faun is no longer petrified.
The faun looks more healthy.
The death yak barely misses you. You block the catoblepas's attack.
Polyphemus throws the death yak at you! The catoblepas gores you!
* * * LOW HITPOINT WARNING * * *
The death yak gores you but does no damage.
Unknown command.
The faun shoots a sling bullet.
You reflect the sling bullet off an invisible shield around you!
The sling bullet barely misses the faun.
The sling bullet hits the merfolk siren!!
Polyphemus throws the death yak at you! You block the death yak's attack.
The catoblepas misses you.
Unknown command.
Polyphemus attacks as you move away! Polyphemus hits you!!
* * * LOW HITPOINT WARNING * * *
Polyphemus hits you but does no damage.
Polyphemus looks more healthy.
The death yak looks more healthy.
The merfolk siren is no longer petrified.
The merfolk siren looks more healthy.
You block the death yak's attack.
The catoblepas breathes a plume of calcifying dust at you.
The blast of calcifying dust hits you but does no damage.
You block the death yak's attack.
The catoblepas breathes a plume of calcifying dust at you.
The blast of calcifying dust hits you but does no damage.
Unknown command.
The death yak is no longer petrified.
Polyphemus throws the catoblepas at you!
You die...

~ * ##..~~~~≈≈≈≈§≈ ~
#...~~~~~≈≈§≈≈≈ ~ ~ , ,
#..~~~$~~~§≈≈≈≈ ~
#..~~~~~§≈≈≈≈≈~ ~ * *
##.~~~≈≈≈≈≈≈≈≈ * *
..###..~~~§≈≈≈≈≈≈≈~ ~
,.....)..~~~~≈≈≈≈≈≈ ~ ,
,,,...~m~c..~YY≈≈≈≈≈≈ ~ ,
, ...c~..#C§@~~≈≈≈≈≈ ~
**#..~..###Y§~~≈≈≈≈≈ ..
##...# #..§~≈≈≈≈≈ ~ ..#
#.## ##.~§≈≈≈≈≈ ~ ~ ..##
## ###.~~~§≈≈≈≈ ~~ ...###
#..~~~~≈§≈≈≈ ~ .....###
#.~~~~≈≈≈§≈≈
.......######.~~~~≈≈≈≈≈≈~
~~ ~
...~~....##...~~~≈≈≈≈≈≈≈
~~


You could see Polyphemus, 2 death yaks, a catoblepas, a faun and a merfolk
siren.

Vanquished Creatures
  A minotaur (Gauntlet)
  4 dire elephants (Lair:5)
  A green death (Gauntlet)
  A merfolk aquamancer (Shoals:3)
  A tengu warrior (Gauntlet)
  8 death yaks
  2 spectral death yaks (Lair:5)
  A spectral anaconda (Lair:5)
  3 sea snakes
  3 necromancers (Lair:5)
  3 fauns (Shoals:2)
  3 manticores
  A cyclops (Arena)
  2 dire elephant zombies (Lair:5)
  A black mamba (Lair:3)
  4 elephants (Lair:5)
  A water nymph (Shoals:1)
  6 merfolk sirens
  An orange demon (Gauntlet)
  An unseen horror (D:10)
  2 tengu conjurers (Gauntlet)
  A rime drake (Lair:1)
  A komodo dragon (Lair:4)
  A troll (D:10)
  A hornet (D:10)
  A merfolk (Lair:3)
  A polar bear (Lair:4)
  3 blink frogs (Lair:2)
  A spectral elephant (Lair:5)
  Sigmund (D:4)
  4 water elementals (Shoals:3)
  4 wyverns
  Grum (D:9)
  25 yaks
  A basilisk (Lair:5)
  3 death yak simulacra (Lair:5)
  5 water moccasins
  An acid dragon (Gauntlet)
  5 orc warriors
  2 elephant zombies (Lair:5)
  A black bear (D:5)
  8 wolves
  A centaur (D:8)
  4 elephant skeletons (Lair:5)
  3 phantoms (D:5)
  4 necrophages (D:5)
  3 kobold brigands (D:9)
  4 bullfrogs
  5 scorpions
  5 wights (D:8)
  An elephant simulacrum (Lair:5)
  5 killer bees
  A howler monkey (D:8)
  A gnoll bouda (D:5)
  3 hounds
  A jelly (Lair:3)
  6 orc priests
  2 iguanas
  7 orc wizards
  4 gnolls
  5 adders
  A white imp (D:5)
  2 ufetubi
  A worm (D:3)
  29 orcs
  A bat (D:3)
  An endoplasm (D:3)
  2 giant cockroaches
  3 goblins
  6 hobgoblins
  24 kobolds
  4 quokkas
260 creatures vanquished.

Vanquished Creatures (others)
  3 fungi
  5 plants
  13 withered plants (Lair:5)
21 creatures vanquished.

Grand Total: 281 creatures vanquished

Notes
Turn   | Place    | Note
-------+----------+-------------------------------------------
     0 | D:1      | tilp the Meteoran Fighter began the quest for the Orb.
     0 | D:1      | Reached XP level 1. HP: 19/19 MP: 2/2
    67 | D:1      | Found a faded altar of an unknown god.
   116 | D:1      | Reached XP level 2. HP: 26/26 MP: 3/3
   136 | D:3      | Reached skill level 1 in Dodging
   159 | D:3      | Reached XP level 3. HP: 30/31 MP: 4/4
   225 | D:3      | Reached XP level 4. HP: 27/38 MP: 5/5
   340 | D:4      | Reached skill level 1 in Stealth
   340 | D:4      | Reached XP level 5. HP: 15/46 MP: 6/6
   359 | D:5      | Entered Level 5 of the Dungeon
   359 | D:5      | Noticed a black bear
   407 | D:4      | Reached XP level 6. HP: 42/52 MP: 7/7
   606 | D:4      | Reached XP level 7. HP: 31/59 MP: 8/8
   651 | D:4      | Noticed Sigmund
   669 | D:4      | Killed Sigmund
   670 | D:4      | Reached skill level 1 in Throwing
   856 | D:5      | Reached XP level 8. HP: 26/67 MP: 9/9
   971 | D:5      | Reached skill level 5 in Long Blades
   971 | D:5      | Reached skill level 5 in Armour
   971 | D:5      | Reached skill level 5 in Dodging
   976 | D:6      | Found Okasujemio's Armour Boutique.
   983 | D:6      | Reached skill level 5 in Fighting
   992 | D:6      | Bought a +0 helmet for 49 gold pieces
  1150 | D:5      | Gained mutation: You passively map the area around you.
                  | [Meteoran growth]
  1150 | D:5      | Reached XP level 9. HP: 46/74 MP: 10/10
  1420 | D:6      | Found a shadowy altar of Dithmenos.
  1734 | D:7      | Found a staircase to the Ecumenical Temple.
  1779 | Temple   | Entered the Ecumenical Temple
  2008 | D:9      | Noticed Grum
  2433 | D:10     | Entered Level 10 of the Dungeon
  2493 | Temple   | Became a worshipper of Warmaster Okawaru
  2582 | D:8      | Reached XP level 10. HP: 65/83 MP: 11/11
  2819 | D:9      | Reached skill level 1 in Invocations
  2819 | D:9      | Reached skill level 1 in Evocations
  2842 | D:9      | Found a sacrificial altar of Ru.
  2911 | D:9      | Killed Grum
  2911 | D:9      | Reached * piety under Okawaru
  2982 | D:9      | Found a runed translucent door.
  3268 | D:9      | Found a staircase to the Orcish Mines.
  3341 | D:9      | Found a hazy altar of Hepliaklqana.
  3545 | D:10     | Found a large runed translucent door.
  3545 | D:10     | Found a large runed translucent door.
  3585 | D:10     | Reached ** piety under Okawaru
  3706 | D:10     | Killed an unseen horror
  3707 | D:10     | Reached XP level 11. HP: 21/92 MP: 15/15
  3722 | D:10     | HP: 1/92 [electric eel/bolt of electricity (11)]
  3752 | D:10     | Reached *** piety under Okawaru
  3762 | D:10     | Reached skill level 5 in Invocations
  3850 | D:10     | Found a white marble altar of Elyvilon.
  3870 | D:10     | Found a shimmering blue altar of Sif Muna.
  3938 | D:10     | Found a staircase to the Lair.
  3951 | Lair:1   | Entered Level 1 of the Lair of Beasts
  3951 | Lair:1   | Noticed an oklob plant
  3988 | D:10     | Reached skill level 10 in Long Blades
  3988 | D:10     | Reached skill level 10 in Dodging
  4085 | Lair:2   | Reached **** piety under Okawaru
  4166 | Lair:2   | Found a gate leading to a gauntlet.
  4175 | Gauntlet | Entered a Gauntlet
  4175 | Gauntlet | Found a transporter.
  4175 | Gauntlet | Found a transporter.
  4175 | Gauntlet | Found a transporter.
  4176 | Gauntlet | Found a transporter.
  4178 | Gauntlet | Noticed an oklob plant
  4179 | Gauntlet | Found a transporter.
  4179 | Gauntlet | Found a transporter.
  4185 | Gauntlet | Noticed a tengu warrior
  4189 | Gauntlet | Found a transporter.
  4190 | Gauntlet | Found a transporter.
  4193 | Gauntlet | Found a transporter.
  4193 | Gauntlet | Found a transporter.
  4195 | Gauntlet | Noticed a green death
  4197 | Gauntlet | Noticed a quicksilver ooze
  4204 | Gauntlet | Found a transporter.
  4287 | Gauntlet | Killed a tengu warrior
  4288 | Gauntlet | Reached XP level 12. HP: 78/103 MP: 11/18
  4297 | Gauntlet | Found a transporter.
  4308 | Gauntlet | Killed a green death
  4308 | Gauntlet | Received a gift from Okawaru
  4309 | Gauntlet | Reached skill level 5 in Throwing
  4309 | Gauntlet | Reached skill level 5 in Shields
  4309 | Gauntlet | Reached skill level 5 in Evocations
  4318 | Gauntlet | Identified the +7 long sword of Thoughtfulness {vamp, *Rage
                  | Fly Str+4}
  4364 | Gauntlet | Noticed a minotaur
  4378 | Gauntlet | Killed a minotaur
  4385 | Gauntlet | Identified the +1 leather armour of Evolution {rF++ Dex-3}
  4385 | Gauntlet | Identified the +4 longbow "Sitam" {freeze, Str+4}
  4513 | Lair:3   | Found a staircase to the Snake Pit.
  4780 | Lair:3   | Found a staircase to the Shoals.
  4881 | Lair:5   | Entered Level 5 of the Lair of Beasts
  4891 | Lair:5   | Noticed a six-headed hydra
  4924 | Lair:5   | Noticed a death yak
  4924 | Lair:5   | Noticed a death yak
  4924 | Lair:5   | Noticed a death yak
  4925 | Lair:5   | Noticed a death yak
  4925 | Lair:5   | Noticed a death yak
  4949 | Lair:4   | Killed a death yak
  4960 | Lair:4   | Killed a death yak
  4961 | Lair:4   | Reached XP level 13. HP: 111/111 MP: 20/20
  4973 | Lair:4   | Killed a death yak
  5002 | Lair:4   | Killed a death yak
  5016 | Lair:4   | Killed a death yak
  5089 | Lair:5   | Noticed a dire elephant
  5095 | Lair:5   | Noticed a dire elephant
  5095 | Lair:5   | Noticed a dire elephant
  5101 | Lair:5   | Noticed a dire elephant
  5105 | Lair:5   | Noticed a death yak
  5108 | Lair:5   | Killed a dire elephant
  5109 | Lair:5   | Reached skill level 10 in Invocations
  5122 | Lair:5   | Killed a dire elephant
  5130 | Lair:5   | Killed a dire elephant
  5130 | Lair:5   | Reached ***** piety under Okawaru
  5142 | Lair:5   | Killed a death yak
  5245 | Lair:5   | Reached skill level 10 in Fighting
  5331 | Lair:5   | Noticed a death yak
  5341 | Lair:5   | Killed a death yak
  5488 | Lair:5   | Identified the +3 scimitar of Motof {vamp, Fragile Str+3
                  | Dex+2 Stlth+}
  5573 | Lair:5   | Reached XP level 14. HP: 94/121 MP: 22/22
  5590 | Lair:5   | Killed a dire elephant
  5708 | Shoals:1 | Entered Level 1 of the Shoals
  5708 | Shoals:1 | Found a transporter.
  5725 | Shoals:1 | Noticed Xuirch's ghost (adept MiFi)
  5785 | Shoals:2 | Identified the +1 chain mail "Furof" {Int+6} (Okawaru
                  | gifted it to you on level 2 of the Shoals)
  5785 | Shoals:2 | Received a gift from Okawaru
  5899 | Shoals:3 | Noticed a merfolk impaler
  5903 | Arena    | Entered the Arena
  6009 | Shoals:2 | Noticed Polyphemus
  6015 | Shoals:2 | HP: 6/122 [death yak[Polyphemus] (4)]
  6025 | Arena    | Entered the Arena
  6068 | Shoals:2 | Hit by a catoblepas thrown by Polyphemus

Illustrated notes

Levels and vault maps discovered:
D:1:      pf_arrival_petrified_forest, layout_loops_cross, serial_rivers,
          chequers_serial_rivers_micro_e, chequers_serial_rivers_micro_c,
          chequers_serial_rivers_large_b, chequers_serial_rivers_room_b,
          chequers_serial_rivers_large_a, chequers_serial_rivers_micro_c,
          dilly_ecumenical_altar_fadedgnrine
D:2:      layout_loops_ring, serial_shops, nicolae_shop_bloodbath_and_beyond,
          minmay_snake_closets
D:3:      layout_loops_cross, minmay_ogre_servants
D:4:      layout_cave_pools, sigmund_edmund_badplayer, uniq_edmund
D:5:      layout_cave_pools
D:6:      layout_basic, grunt_dithmenos_smoke, serial_shops, shop, uniq_menkaure
D:7:      layout_loops_ring, mainiacjoe_overflow_catwalk,
          nemelex_xobeh_ov_fountains_minmay, temple_fountains,
          uniq_crazy_yiuf_cottage
D:8:      layout_loops_corners
D:9:      layout_layer_cave, mainiacjoe_overflow_brackets, lemuel_doored_altar,
          david_orc_4, serial_glass, glass_columns_c, glass_columns_b,
          minmay_st_funbox, uniq_grum
D:10:     nicolae_BIG_FREAKIN_CUBE, layout_basic,
          nicolae_yredelemnul_ghost_church, jmf_multi_god_temple2, serial_shops,
          kennysheep_mini_moat
D:11:     layout_cave_pools, nicolae_trove_entry_columns, minmay_misc_feat_rows,
          nicolae_wu_jian_immortal_techniques
Temple:   dpeg_chambers_temple
Lair:1:   layout_cave_pods, dpeg_stationary_puzzle, serial_bayou_shore_b
Lair:2:   layout_regular_city, gauntlet_entry_generic, uniq_erica
Lair:3:   layout_regular_city, elwin_shoals_entry_stream, dummy_snake_entry,
          nicolae_quartered_pool_little
Lair:4:   layout_layer_cave, lemuel_fruit_tree
Lair:5:   due_jungle_book, layout_regular_city, minmay_slime_entry_oklob_open,
          uniq_kirke
Shoals:1: nicolae_shoals_island_circles, layout_shoals,
          gammafunk_ghost_berserking_beasts, uniq_donald
Shoals:2: layout_shoals, nicolae_shoals_water_elemental_grotto, uniq_polyphemus
Shoals:3: layout_shoals, nicolae_shop_clearance

Skill      XL: |  1  2  3  4  5  6  7  8  9 10 11 12 13 14 |
---------------+-------------------------------------------+-----
Dodging        | 1 2 3 4 5 7 9 10 12 | 12.7
Long Blades    | 3 4 5 7 9 10 12 | 12.7
Armour         | 4 5 6 7 8 9 |  9.2
Shields        | 4 6 |  6.0
Stealth        | 1 2 3 4 |  4.0
Fighting       | 4 5 6 7 8 9 10 | 10.7
Throwing       | 2 3 4 6 |  6.0
Invocations    | 4 7 9 10 11 | 11.0
Evocations     | 4 6 8 9 |  9.1

Action                   |  1- 3 |  4- 6 |  7- 9 | 10-12 | 13-15 || total
-------------------------+-------+-------+-------+-------+-------++-------
Melee: Long sword        |    40 |   137 |   350 |   393 |   405 ||  1325
       Scimitar          |       |       |       |   177 |       ||   177
Throw: Stone             |     2 |     4 |     8 |       |       ||    14
       Dart              |       |       |       |       |     3 ||     3
Invok: Heroism           |       |       |       |     8 |    11 ||    19
       Finesse           |       |       |       |     3 |     2 ||     5
       Duel              |       |       |       |       |     2 ||     2
Evoke: Wand              |       |       |       |     7 |     1 ||     8
       Condenser vane    |       |       |       |     1 |     2 ||     3
  Use: Potion            |       |     1 |     1 |     6 |     2 ||    10
       Scroll            |       |       |    12 |     9 |     2 ||    23
Armor: Scale mail        |    15 |    62 |   104 |       |       ||   181
       Chain mail        |       |       |    28 |   246 |   132 ||   406
       Skin              |       |       |       |    19 |       ||    19
Dodge: Dodged            |    16 |    63 |   179 |   283 |   194 ||   735
Block: Buckler           |     5 |    36 |   116 |   194 |   154 ||   505
       Reflection        |       |       |       |       |     9 ||     9

Table legend: (Time is in decaauts)
 A = Elapsed time spent in this place.
 B = Non-inter-level travel time spent in this place.
 C = Inter-level travel time spent in this place.
 D = Time resting spent in this place.
 E = Time spent auto-exploring this place.
 F = Levels seen in this place.
 G = Mean time per level.
                   A        B        C        D        E       F      G
               +--------+--------+--------+--------+--------+-----+--------+
         Total |   6197 |   5353 |    844 |     42 |      0 |  23 |  269.4 |
       Dungeon |   3918 |   3313 |    605 |      5 |      0 |  11 |  356.2 |
        Temple |    206 |    162 |     44 |      0 |      0 |   1 |  206.0 |
          Lair |   1507 |   1313 |    194 |      0 |      0 |   5 |  301.4 |
        Shoals |    328 |    328 |      0 |     24 |      0 |   3 |  109.3 |
      Gauntlet |    197 |    197 |      0 |      0 |      0 |   1 |  197.0 |
         Arena |     39 |     39 |      0 |     13 |      0 |   2 |   19.5 |
               +--------+--------+--------+--------+--------+-----+--------+

Top non-repeatable levels by time:
     D:9: 898 daAuts
  Lair:5: 670 daAuts
     D:8: 617 daAuts
     D:6: 572 daAuts
    D:10: 487 daAuts
     D:5: 458 daAuts
     D:4: 397 daAuts
  Lair:3: 356 daAuts
  Lair:4: 277 daAuts
     D:3: 217 daAuts
  Temple: 206 daAuts
Gauntlet: 197 daAuts
Shoals:2: 186 daAuts
  Lair:2: 139 daAuts
     D:1: 100 daAuts
